 Dungeon Crawl Stone Soup version 0.27.1 (webtiles) character file.

Game seed: 3992795915970979192

2088 ZARRMARR the Thaumaturge (level 9, -14/45 HPs)
             Began as a Deep Elf Ice Elementalist on Aug 29, 2021.
             Was a Follower of Sif Muna.
             Demolished by a two-headed ogre (17 damage)
             ... on level 7 of the Dungeon.
             The game lasted 00:36:17 (7512 turns).

ZARRMARR the Thaumaturge (DEIE)                     Turns: 7512, Time: 00:36:18

Health: -14/45     AC:  2    Str:  5    XL:     9   Next: 6%
Magic:  24/28      EV: 14    Int: 30    God:    Sif Muna [*.....]
Gold:   142        SH:  0    Dex: 15    Spells: 27/34 levels left

rFire    + . .     SeeInvis +   h - +0 shortbow
rCold    + + +     Faith    .   (shield currently unavailable)
rNeg     . . .     Spirit   .   a - +0 robe
rPois    .         Reflect  .   (no helmet)
rElec    .         Harm     .   (no cloak)
rCorr    .         Rampage  .   (no gloves)
Will     .....                  (no boots)
Stlth    ++........             g - amulet of regeneration
HPRegen  1.15/turn              p - ring of wizardry
MPRegen  0.21/turn              f - ring of Ynigoil {rF+ rC+++ Int+6 Slay+2 SInv}

@: freezing walls
A: no striking features
a: Renounce Religion, Channel Magic


You were on level 7 of the Dungeon.
You worshipped Sif Muna.
Sif Muna was aware of your devotion.
You visited 2 branches of the dungeon, and saw 8 of its levels.

You collected 362 gold pieces.
You spent 220 gold pieces at shops.

Inventory:

Hand Weapons
 h - a +0 shortbow (weapon)
 i - a +6 short sword
Missiles
 j - 3 arrows (quivered ammo)
Armour
 a - a +0 robe (worn)
Jewellery
 f - the ring of Ynigoil (right hand) {rF+ rC+++ Int+6 Slay+2 SInv}
   (You acquired it on level 6 of the Dungeon)

   [ring of intelligence]

   Int:       It affects your intelligence (+6).
   Slay:      It affects your accuracy & damage with ranged weapons and melee
   (+2).
   rF:        It protects you from fire.
   rC:        It renders you almost immune to cold.
   SInv:      It lets you see invisible.
 g - an amulet of regeneration (around neck)
 p - a ring of wizardry (left hand)
 w - a ring of wizardry
Wands
 o - a wand of paralysis (3)
 r - a wand of digging (7)
Scrolls
 l - 3 scrolls of torment {unknown}
 q - a scroll of enchant armour
 s - a scroll of teleportation {unknown}
 u - 2 scrolls of blinking {unknown}
 v - a scroll of brand weapon {unknown}
Potions
 b - a potion of might {unknown}
 c - a potion of ambrosia {unknown}
 d - 2 potions of brilliance {unknown}
 e - a potion of mutation {unknown}
 k - 3 potions of curing
 m - 2 potions of attraction {unknown}
 n - a potion of berserk rage {unknown}
 t - a potion of flight {unknown}
 x - a potion of degeneration {unknown}


   Skills:
 + Level 5.2 Dodging
 - Level 2.4 Stealth
 + Level 13.1 Spellcasting
 * Level 0.1 Necromancy
 - Level 6.7 Ice Magic


You had 27 spell levels left.
You knew the following spells:

 Your Spells              Type           Power      Damage    Failure   Level
a - Freeze                Ice            100%       1d11      1%          1
b - Frozen Ramparts       Ice            100%       1d12      1%          3
c - Ozocubu's Armour      Ice            56%        N/A       1%          3

Your spell library contained the following spells:

 Spells                   Type           Power      Damage    Failure   Level
 Hailstorm                Conj/Ice       39%        3d9       2%          4
 Dazzling Flash           Conj/Hex       38%        N/A       3%          3
 Agony                    Necr           20%        N/A       26%         5
 Silence                  Hex/Air        9%         N/A       26%         5


Dungeon Overview and Level Annotations

Branches:
Dungeon (7/15)             Temple (1/1) D:5

Altars:
Ashenzari
Cheibriados
Dithmenos
Elyvilon
Fedhas
Gozag
Hepliaklqana
Kikubaaqudgha
Makhleb
Nemelex Xobeh
Okawaru
Qazlal
Ru
Sif Muna
Trog
Uskayaw
Vehumet
Wu Jian
Xom
Yredelemnul
Zin
The Shining One

Shops:
D:5 *

Annotations:
D:6 1 runed translucent door, Crazy Yiuf


Message History

The walls around you are covered in ice.
Fire: 5 arrows
Press: ? - help, Q - select action, (/) - cycle Shift-Dir - straight line, f - two-headed ogre
Aim: a two-headed ogre, wielding two +0 giant clubs (75% to hit)
You shoot an arrow. The arrow hits the two-headed ogre.
The two-headed ogre is lightly wounded.
Unknown command.
Casting: Frozen Ramparts (safe; 1% risk of failure)
Confirm with . or Enter, or press ? or * to list all spells.
Okay, then.
Unknown command.
Fire: 4 arrows
Press: ? - help, Q - select action, (/) - cycle Shift-Dir - straight line, f/p - two-headed ogre
Aim: a two-headed ogre, wielding two +0 giant clubs (lightly wounded, 75% to hit)
You shoot an arrow.
The arrow barely misses the two-headed ogre.
The wall freezes the two-headed ogre.
Casting: Frozen Ramparts (safe; 1% risk of failure)
Confirm with . or Enter, or press ? or * to list all spells.
Aiming: Freeze (safe; 1% risk of failure)
Press: ? - help, Shift-Dir - straight line, f/p - two-headed ogre
Aim: a two-headed ogre, wielding two +0 giant clubs (lightly wounded)
You freeze the two-headed ogre!
The two-headed ogre is moderately wounded.
The wall freezes the two-headed ogre!
The two-headed ogre completely misses you.
The two-headed ogre hits you with a +0 giant club!!
Ouch! That really hurt!
Casting: Freeze (safe; 1% risk of failure)
Confirm with . or Enter, or press ? or * to list all spells.
Aiming: Freeze (safe; 1% risk of failure)
Press: ? - help, Shift-Dir - straight line, f/p - two-headed ogre
Aim: a two-headed ogre, wielding two +0 giant clubs (moderately wounded)
You freeze the two-headed ogre.
The two-headed ogre is heavily wounded.
The wall freezes the two-headed ogre.
The two-headed ogre hits you with a +0 giant club!!
* * * LOW HITPOINT WARNING * * *
The two-headed ogre hits you with a +0 giant club!
You die...

......................####......#
######..#.##.#######.....#.......
#.##.#..#P. .P#.............
#.##..#)#(#+#.#.....###.....
+..#.#..#.#(#.#.....# #.....
#.#...#.#.###(#..######.....
#.#..##.# ..l #..........#..
######.#.# #.###O###..........##.
.......#####....@.............##.
#.#..##.##...###.##...........#..
..#.#..(.#..#....................
###..#####†#.##.###...#######....
##...#.)#.#.†.≈....########....
.###.##.##.#..####.#.............
.......#..#....####...##########.
##+###.###........#...# ##
#...####.##..##..#


You could see a two-headed ogre and a komodo dragon.

Vanquished Creatures
  Pikel (D:5)
  A centaur zombie (D:7)
  Eustachio (D:4)
  An ice beast (D:7)
  An orc warrior (D:7)
  A sky beast (D:7)
  A black bear (D:5)
  A necrophage (D:5)
  A centaur (D:6)
  A lemure (D:5)
  2 bullfrogs (D:7)
  A wyvern zombie (D:7)
  A jelly (D:6)
  An orc priest (D:6)
  A bullfrog skeleton (D:5)
  A centaur skeleton (D:7)
  2 iguanas
  4 orc wizards
  A scorpion zombie (D:5)
  2 adders
  A howler monkey skeleton (D:7)
  3 white imps
  4 worms
  3 dart slugs
  17 orcs
  10 endoplasms
  A giant cockroach (D:2)
  7 goblins
  8 hobgoblins
  2 jackals (D:2)
  13 kobolds
  3 quokkas
  3 ball pythons
  3 bats
  3 frilled lizards
  3 rats
110 creatures vanquished.

Notes
Turn   | Place    | Note
-------+----------+-------------------------------------------
     0 | D:1      | ZARRMARR the Deep Elf Ice Elementalist began the quest for
                  | the Orb.
     0 | D:1      | Reached XP level 1. HP: 10/10 MP: 6/6
   394 | D:1      | Reached XP level 2. HP: 14/15 MP: 5/8
   654 | D:1      | Reached skill level 5 in Ice Magic
  1429 | D:2      | Reached XP level 3. HP: 19/19 MP: 6/9
  1994 | D:2      | Reached skill level 4 in Spellcasting
  2393 | D:3      | Found a faded altar of an unknown god.
  2404 | D:3      | Reached XP level 4. HP: 24/24 MP: 10/12
  3737 | D:4      | Noticed Eustachio
  3739 | D:4      | Found a blossoming altar of Fedhas.
  3753 | D:4      | Killed Eustachio
  3754 | D:4      | Reached skill level 5 in Spellcasting
  3754 | D:4      | Reached XP level 5. HP: 10/28 MP: 6/15
  4023 | D:5      | Entered Level 5 of the Dungeon
  4040 | D:5      | Noticed a necrophage
  4049 | D:5      | Killed a necrophage
  4050 | D:5      | Reached skill level 6 in Spellcasting
  4050 | D:5      | Reached XP level 6. HP: 20/32 MP: 17/17
  4180 | D:5      | Learned a level 3 spell: Frozen Ramparts
  4423 | D:5      | Found a staircase to the Ecumenical Temple.
  4432 | Temple   | Entered the Ecumenical Temple
  4695 | Temple   | Became a worshipper of Sif Muna the Loreminder
  4910 | D:5      | Learned a level 3 spell: Ozocubu's Armour
  4939 | D:5      | Found Xebues's Gadget Gallery.
  4949 | D:5      | Bought a wand of digging (7) for 220 gold pieces
  5061 | D:5      | Reached skill level 7 in Spellcasting
  5355 | D:5      | Noticed Pikel
  5373 | D:5      | Killed Pikel
  5374 | D:5      | Reached skill level 10 in Spellcasting
  5374 | D:5      | Reached XP level 7. HP: 29/36 MP: 11/22
  5478 | D:5      | Reached XP level 8. HP: 8/41 MP: 18/24
  5771 | D:6      | Identified a scroll of acquirement
  5772 | D:6      | Acquired the ring of Ynigoil {rF+ rC+++ Int+6 Slay+2 SInv}
  6241 | D:6      | Found a runed translucent door.
  6242 | D:6      | Noticed Crazy Yiuf
  6717 | D:7      | Reached skill level 11 in Spellcasting
  6741 | D:7      | Reached skill level 12 in Spellcasting
  7104 | D:7      | Reached skill level 5 in Dodging
  7334 | D:7      | Reached * piety under Sif Muna
  7376 | D:7      | Reached skill level 13 in Spellcasting
  7376 | D:7      | Reached XP level 9. HP: 40/45 MP: 22/28
  7507 | D:7      | Noticed a komodo dragon
  7507 | D:7      | Noticed a two-headed ogre
  7512 | D:7      | Demolished by a two-headed ogre

Illustrated notes

Levels and vault maps discovered:
D:1:      minmay_arrival_arboretum_small, layout_basic, serial_bayou_pond_a
D:2:      layout_loops_cross
D:3:      layout_basic, dreamdust_ecumenical_altar_statues
D:4:      layout_cave_pods, fedhas_altar_3, uniq_eustachio
D:5:      layout_gridville, minmay_temple_entry_glass, nicolae_shop_gadgets,
          uniq_pikel
D:6:      layout_loops_ring, uniq_crazy_yiuf_cottage
D:7:      layout_basic, st_stairs_9, minmay_shattered_shrine
Temple:   nicolae_temple_the_god_donut

Skill      XL: |  1  2  3  4  5  6  7  8 |
---------------+-------------------------+-----
Ice Magic      | 5 6 |  6.7
Spellcasting   | 4 5 6 10 13 | 13.1
Dodging        | 3 5 |  5.2
Stealth        | |  2.4
Necromancy     | |  0.1

Action                   |  1- 3 |  4- 6 |  7- 9 || total
-------------------------+-------+-------+-------++-------
Melee: Short sword       |       |    33 |    25 ||    58
 Fire: Shortbow          |       |       |    54 ||    54
 Cast: Freeze            |    67 |    66 |    37 ||   170
       Frozen Ramparts   |       |     5 |    18 ||    23
       Ozocubu's Armour  |       |       |     2 ||     2
Evoke: Wand              |       |       |     2 ||     2
  Use: Potion            |       |     1 |     1 ||     2
       Scroll            |       |       |     7 ||     7
 Stab: Sleeping          |       |     4 |       ||     4
       Paralysed         |       |       |     4 ||     4
Armor: Robe              |     4 |    11 |    43 ||    58
       Skin              |       |     2 |     2 ||     4
Dodge: Dodged            |    20 |    41 |    64 ||   125
